 Dungeon Crawl Stone Soup version 0.27.0-1-g7a089689b8 (webtiles) character file.

Game seed: 11680338972230527539

427 ZombieSheep the Quickloader (level 6, -4/51 HPs)
             Began as a Gnoll Hunter on Aug 1, 2021.
             Slain by Pikel (7 damage)
             ... on level 4 of the Dungeon.
             The game lasted 00:08:02 (4184 turns).

ZombieSheep the Quickloader (Gnoll Hunter)          Turns: 4184, Time: 00:08:02

Health: -4/51      AC:  7    Str: 13    XL:     6   Next: 97%
Magic:  9/9        EV: 13    Int: 10    God:
Gold:   101        SH:  0    Dex: 13    Spells: 9/9 levels left

rFire    . . .     SeeInvis .   b - +3 short sword (freeze)
rCold    . . .     Faith    .   (no shield)
rNeg     . . .     Spirit   .   p - +1 troll leather armour {Purgy}
rPois    .         Reflect  .   (no helmet)
rElec    .         Harm     .   k - +0 cloak
rCorr    .         Rampage  .   (no gloves)
Will     .....                  g - +0 pair of boots
Stlth    ++........             (no amulet)
HPRegen  1.17/turn              f - ring of flight
MPRegen  0.11/turn              (no ring)

@: flying
A: fangs 1, strong nose, distributed training
a: no special abilities


You were on level 4 of the Dungeon.
You visited 1 branch of the dungeon, and saw 4 of its levels.

You collected 101 gold pieces.

Inventory:

Hand Weapons
 a - a +1 hand crossbow
 b - a +3 short sword of freezing (weapon)
Missiles
 d - 51 bolts
Armour
 g - a +0 pair of boots (worn)
 j - a +0 buckler
 k - a +0 cloak (worn)
 m - a +0 plate armour
 p - a +1 troll leather armour (worn) {Purgy}
Jewellery
 f - a ring of flight (left hand)
Scrolls
 e - a scroll of torment
 h - 2 scrolls of teleportation
 i - a scroll of fear
 o - a scroll of identify
Potions
 n - a potion of attraction {unknown}
 q - a potion of degeneration {unknown}
 r - a potion of curing {unknown}
 s - a potion of magic {unknown}


   Skills:
 + Level 5.1 Fighting
 + Level 2.2 Short Blades
 + Level 2.2 Long Blades
 + Level 2.2 Axes
 + Level 2.2 Maces & Flails
 + Level 2.2 Polearms
 + Level 2.2 Staves
 + Level 2.2 Slings
 + Level 2.2 Bows
 + Level 8.8 Crossbows
 + Level 2.2 Throwing
 + Level 2.2 Armour
 + Level 5.1 Dodging
 + Level 3.2 Stealth
 + Level 2.2 Shields
 + Level 2.2 Unarmed Combat
 + Level 2.2 Spellcasting
 + Level 1.7 Conjurations
 + Level 1.7 Hexes
 + Level 1.7 Summonings
 + Level 1.7 Necromancy
 + Level 1.7 Translocations
 + Level 1.7 Transmutations
 + Level 1.7 Fire Magic
 + Level 1.7 Ice Magic
 + Level 1.7 Air Magic
 + Level 1.7 Earth Magic
 + Level 1.7 Poison Magic
 + Level 2.4 Invocations
 + Level 2.2 Evocations


You had 9 spell levels left.
You didn't know any spells.
Your spell library contained the following spells:

 Spells                   Type           Power      Damage    Failure   Level
 Ignite Poison            Fire/Tmut/Pois 4%         N/A       50%         3
 Mephitic Cloud           Conj/Pois/Air  4%         N/A       50%         3
 Bolt of Magma            Conj/Fire/Erth 2%         4d4       99%         5


Dungeon Overview and Level Annotations

Branches:
Dungeon (4/15)
 Temple: D:4-7

Altars:
Makhleb

Annotations:
D:4 Pikel


Innate Abilities, Weirdness & Mutations

You have very sharp teeth.
Your uncanny sense of smell can sniff out nearby items.
Your experience applies equally to all skills.


Message History

The lemure hits you but does no damage. Pikel misses you.
The lemure closely misses you.
You barely miss Pikel.
Pikel is lightly wounded.
The lemure hits you. Pikel barely misses you. The lemure misses you.
You hit Pikel. You freeze Pikel.
Pikel is moderately wounded.
The lemure barely misses you.
Pikel hits you with a +1 whip of flaming.
Pikel burns you. The lemure closely misses you.
You hit Pikel but do no damage.
Pikel is moderately wounded.
The lemure closely misses you. Pikel barely misses you. The lemure misses you.
You hit Pikel. You freeze Pikel.
Pikel is moderately wounded.
The lemure hits you but does no damage. Pikel barely misses you.
The lemure barely misses you.
You puncture Pikel! You freeze Pikel.
Pikel is severely wounded.
The lemure completely misses you. Pikel hits you but does no damage.
The lemure barely misses you.
You miss Pikel.
Pikel is severely wounded.
The lemure misses you.
Pikel hits you with a +1 whip of flaming.
Pikel burns you. The lemure misses you.
You hit Pikel. You freeze Pikel.
Pikel is severely wounded.
The lemure misses you.
Pikel hits you with a +1 whip of flaming!
* * * LOW HITPOINT WARNING * * *
Pikel burns you.
* * * LOW HITPOINT WARNING * * *
The lemure hits you.
* * * LOW HITPOINT WARNING * * *
You completely miss Pikel.
Pikel is severely wounded.
The lemure misses you.
Pikel hits you with a +1 whip of flaming!
You die...

......# ##...# ......#
##.K..## .....## ##.5.#..#
.....# ##...###.## .....#
###..### #..# ....##
##...## ##.##
....####.....######..#
.....#.........5..##.##
#.##..####.....K@.....#
####.####......5......##
#..###...............#
###.###...........#####...
..#.##...........## ....
....##..........## ....
...####.......>## ....
...## ##.....### ... ....#
##...##


You could see Pikel and 2 lemures.

Vanquished Creatures
  Menkaure (D:4)
  Purgy (D:3)
  A phantom (D:4)
  2 lemures (D:4)
  An iguana (D:3)
  A hound skeleton (D:4)
  4 adders
  A worm (D:2)
  2 dart slugs
  7 orcs (D:3)
  5 ball pythons
  4 endoplasms
  A giant cockroach (D:2)
  5 goblins
  3 hobgoblins (D:2)
  6 jackals
  2 kobolds
  5 bats
  2 frilled lizards (D:1)
  5 rats
59 creatures vanquished.

Vanquished Creatures (others)
  5 fungi (D:3)
  5 plants (D:3)
10 creatures vanquished.

Grand Total: 69 creatures vanquished

Notes
Turn   | Place    | Note
-------+----------+-------------------------------------------
     0 | D:1      | ZombieSheep the Gnoll Hunter began the quest for the Orb.
     0 | D:1      | Reached XP level 1. HP: 20/20 MP: 1/1
   403 | D:1      | Reached XP level 2. HP: 15/26 MP: 2/2
  1232 | D:2      | Reached XP level 3. HP: 20/31 MP: 3/3
  1500 | D:2      | Reached skill level 1 in Invocations
  1783 | D:2      | Reached skill level 1 in Short Blades
  1783 | D:2      | Reached skill level 1 in Long Blades
  1783 | D:2      | Reached skill level 1 in Axes
  1783 | D:2      | Reached skill level 1 in Maces & Flails
  1783 | D:2      | Reached skill level 1 in Polearms
  1783 | D:2      | Reached skill level 1 in Staves
  1783 | D:2      | Reached skill level 1 in Slings
  1783 | D:2      | Reached skill level 1 in Bows
  1783 | D:2      | Reached skill level 1 in Throwing
  1783 | D:2      | Reached skill level 1 in Armour
  1783 | D:2      | Reached skill level 1 in Shields
  1783 | D:2      | Reached skill level 1 in Unarmed Combat
  1783 | D:2      | Reached skill level 1 in Spellcasting
  1783 | D:2      | Reached skill level 1 in Evocations
  1840 | D:2      | Reached XP level 4. HP: 38/38 MP: 5/5
  2217 | D:3      | Reached skill level 1 in Conjurations
  2217 | D:3      | Reached skill level 1 in Hexes
  2217 | D:3      | Reached skill level 1 in Summonings
  2217 | D:3      | Reached skill level 1 in Necromancy
  2217 | D:3      | Reached skill level 1 in Translocations
  2217 | D:3      | Reached skill level 1 in Transmutations
  2217 | D:3      | Reached skill level 1 in Fire Magic
  2217 | D:3      | Reached skill level 1 in Ice Magic
  2217 | D:3      | Reached skill level 1 in Air Magic
  2217 | D:3      | Reached skill level 1 in Earth Magic
  2217 | D:3      | Reached skill level 1 in Poison Magic
  2682 | D:3      | Noticed Purgy
  2712 | D:3      | Reached XP level 5. HP: 32/43 MP: 6/6
  2849 | D:3      | Killed Purgy
  2890 | D:3      | Found a faded altar of an unknown god.
  2932 | D:3      | Found a burning altar of Makhleb.
  3178 | D:4      | Noticed a phantom
  3192 | D:4      | Killed a phantom
  3193 | D:4      | Reached XP level 6. HP: 36/50 MP: 8/8
  3198 | D:4      | Reached skill level 5 in Fighting
  3198 | D:4      | Reached skill level 5 in Dodging
  3372 | D:4      | Noticed Menkaure
  3605 | D:4      | Killed Menkaure
  3755 | D:4      | Noticed Pikel
  4183 | D:4      | HP: 2/51 [lemure[Pikel] (6)]
  4184 | D:4      | Slain by Pikel

Illustrated notes

Levels and vault maps discovered:
D:1:      erik_arrival_triangle_large, layout_rooms, dk_noncrumbling_2
D:2:      layout_basic
D:3:      layout_loops_ring, overflow_temple_1_default,
          dreamdust_ecumenical_altar_grove, uniq_purgy
D:4:      layout_cave_pods, amcnicky_mini_pool_small, uniq_edmund, uniq_pikel,
          uniq_menkaure

Skill      XL: |  1  2  3  4  5  6 |
---------------+-------------------+-----
Invocations    | 1 2 |  2.4
Short Blades   | 1 2 |  2.2
Long Blades    | 1 2 |  2.2
Axes           | 1 2 |  2.2
Maces & Flails | 1 2 |  2.2
Polearms       | 1 2 |  2.2
Staves         | 1 2 |  2.2
Slings         | 1 2 |  2.2
Bows           | 1 2 |  2.2
Throwing       | 1 2 |  2.2
Armour         | 1 2 |  2.2
Shields        | 1 2 |  2.2
Unarmed Combat | 1 2 |  2.2
Spellcasting   | 1 2 |  2.2
Evocations     | 1 2 |  2.2
Conjurations   | 1 |  1.7
Hexes          | 1 |  1.7
Summonings     | 1 |  1.7
Necromancy     | 1 |  1.7
Translocations | 1 |  1.7
Transmutations | 1 |  1.7
Fire Magic     | 1 |  1.7
Ice Magic      | 1 |  1.7
Air Magic      | 1 |  1.7
Earth Magic    | 1 |  1.7
Poison Magic   | 1 |  1.7
Stealth        | 3 |  3.2
Fighting       | 5 |  5.1
Dodging        | 5 |  5.1
Crossbows      | |  8.8

Action                   |  1- 3 |  4- 6 || total
-------------------------+-------+-------++-------
Melee: Short sword       |   123 |   156 ||   279
       Bite              |    13 |    17 ||    30
 Fire: Hand crossbow     |     5 |    38 ||    43
  Use: Scroll            |     1 |     7 ||     8
       Potion            |       |     2 ||     2
 Stab: Sleeping          |     1 |       ||     1
       Invisible         |       |     1 ||     1
Armor: Leather armour    |    41 |    57 ||    98
       Skin              |       |    12 ||    12
       Troll leather arm |       |     6 ||     6
Dodge: Dodged            |    98 |   141 ||   239
